 Dungeon Crawl Stone Soup version 0.32-a0-918-g0f22ef8d61 (webtiles) character file.

Game seed: 11780885003582734233

2795 ezpacito the Trooper (level 9, -1/69 HPs)
             Began as a Coglin Chaos Knight on Apr 11, 2024.
             Was a Plaything of Xom.
             Succumbed to a gnoll sergeant's poison
             ... on level 7 of the Dungeon.
             The game lasted 00:10:00 (6387 turns).

ezpacito the Trooper (Coglin Chaos Knight)          Turns: 6387, Time: 00:10:00

Health: -1/69      AC:  9    Str: 19 (20) XL:     9   Next: 71%
Magic:  12/12      EV:  8    Int: 11 (12) God:    Xom [...*..]
Gold:   712        SH:  0    Dex: 11 (12) Spells: 8/13 levels left

rFire   . . .        a - +0 hand axe (chaos) {Centenhua}
rCold   . . .        s - +0 trident (venom) {Kenji}
rNeg    . . .        B - +0 chain mail
rPois   .            (no helmet)
rElec   .            (no cloak)
rCorr   .            (no gloves)
SInv    .            (no boots)
Will    .....        (amulet unavailable) Stlth
                     (ring unavailable)
HPRegen 0.31/turn    (ring unavailable)
MPRegen 0.13/turn    (no gizmo)

%: clarity
@: lethally poisoned (-1 -> -24), revved
A: off-hand wielding, slow wielding, warmup strikes, no jewellery, clarity,
strong 1, MP-powered wands
a: Invent Gizmo, Renounce Religion


You were on level 7 of the Dungeon.
You worshipped Xom.
You were a favourite toy of Xom.
You visited 2 branches of the dungeon, and saw 8 of its levels.
You also visited: Ossuary.

You collected 712 gold pieces.

Inventory:

Hand Weapons
 a - a +0 hand axe of chaos (weapon) {Centenhua}
 s - a +0 trident of venom (offhand) {Kenji}
 y - a +3 orcbow of chaos
 C - a +1 whip of pain
Missiles
 e - 17 poisoned darts (quivered)
 i - 3 boomerangs
Armour
 d - a +0 plate armour
 f - +0 swamp dragon scales
 v - the +0 pair of boots "Ceyfeniz" {^Drain Will+ Stlth+}
   (You found it on level 3 of the Dungeon)

   Will+:     It increases your willpower.
   ^Drain:    It drains your maximum health when unequipped.
   Stlth+:    It makes you more stealthy.
 B - a +0 chain mail (worn)
Magical Staves
 b - a staff of cold
Talismans
 r - a beast talisman
Scrolls
 g - a scroll of fear
 h - 3 scrolls of enchant armour
 p - 2 scrolls of enchant weapon
 t - 2 scrolls of teleportation
 w - a scroll of vulnerability
Potions
 c - a potion of mutation
 j - a potion of brilliance
 k - 2 potions of magic


   Skills:
 * Level 5.7 Fighting
 * Level 5.6(6.3) Axes
 * Level 4.1(5.3) Polearms
 + Level 0.2 Ranged Weapons
 + Level 1.7 Throwing
 * Level 4.5 Armour
 * Level 4.4 Dodging
 + Level 2.7 Stealth
 + Level 2.5 Spellcasting
 + Level 1.8 Conjurations
 + Level 1.0 Necromancy
 + Level 2.8 Alchemy
 + Level 1.8 Evocations
 + Level 2.0 Shapeshifting


You had 8 spell levels left.
You knew the following spells:

 Your Spells              Type           Power      Damage    Failure   Level
a - Irradiate             Conj/Alch      3%         3d12      100%        5

Your spell library contained the following spells:

 Spells                   Type           Power      Damage    Failure   Level
 Magic Dart               Conj           20%        1d4       71%         1
 Shock                    Conj/Air       12%        1d3       83%         1
 Searing Ray              Conj           10%        2d4       83%         2
 Freeze                   Ice            4%         1d3       91%         1
 Sandblast                Erth           2%         2d4       91%         1
 Sublimation of Blood     Necr           3%         N/A       91%         2
 Hailstorm                Conj/Ice       3%         3d5       99%         3
 Stone Arrow              Conj/Erth      6%         3d7       99%         3
 Frozen Ramparts          Ice            2%         1d1       100%        3
 Swiftness                Air            1%         N/A       100%        3
 Airstrike                Air            0%         2d(1-17)  100%        4
 Brom's Barrelling Bould  Conj/Erth      3%         2d3       100%        4
 Fulminant Prism          Conj/Alch      3%         3d5       100%        4
 Petrify                  Alch/Erth      4%         N/A       100%        4


Dungeon Overview and Level Annotations

Branches:
Dungeon (7/15)             Temple (1/1) D:6         Ossuary (visited)

Altars:
Ashenzari
Cheibriados
Dithmenos
Elyvilon
Fedhas
Gozag
Hepliaklqana
Kikubaaqudgha
Makhleb
Nemelex Xobeh
Okawaru
Qazlal
Sif Muna
Trog
Uskayaw
Vehumet
Wu Jian
Xom
Yredelemnul
Zin
The Shining One

Shops:
D:6 ==:*


Innate Abilities, Weirdness & Mutations

You can wield a second weapon in your off-hand.
It takes a long time for you to wield or remove held weapons.
Your first few attacks do less damage.
You cannot equip rings or amulets.
You possess an exceptional clarity of mind.
Your muscles are strong. (Str +4, Int/Dex -1)
You expend magic power (3 MP) to strengthen your wands.


Message History

You take 9 damage, and have 38/69 hp.
You closely miss the gnoll sergeant with your +0 trident of venom.
The gnoll sergeant is heavily wounded.
You barely miss the gnoll sergeant with your +0 hand axe of chaos.
You slash the gnoll with your +0 hand axe of chaos!
You kill the gnoll!
You feel very sick.
The gnoll sergeant hits you but does no damage.
You are more poisoned.
You take 5 damage, and have 33/69 hp.
You hit the gnoll sergeant with your +0 trident of venom.
The gnoll sergeant is severely wounded.
You hit the gnoll sergeant but do no damage.
You feel very sick.
The gnoll sergeant hits you with a +3 spear of venom.
You are lethally poisoned!
You take 10 damage, and have 23/69 hp.
You barely miss the gnoll sergeant with your +0 hand axe of chaos.
The gnoll sergeant is severely wounded.
You barely miss the gnoll sergeant with your +0 trident of venom.
* * * LOW HITPOINT WARNING * * *
You feel extremely sick.
The gnoll sergeant hits you with a +3 spear of venom.
* * * LOW HITPOINT WARNING * * *
You are more poisoned.
You take 12 damage, and have 11/69 hp.
You hit the gnoll sergeant but do no damage.
The gnoll sergeant is severely wounded.
You hit the gnoll sergeant but do no damage.
* * * LOW HITPOINT WARNING * * *
You feel extremely sick.
The gnoll sergeant hits you but does no damage.
You take 7 damage, and have 4/69 hp.
Okay, then.
Unknown command.
You hit the gnoll sergeant with your +0 trident of venom.
The gnoll sergeant is almost dead.
You barely miss the gnoll sergeant with your +0 hand axe of chaos.
You die...
Xom bursts into laughter!

.. ##.#
#.!.# .....#
......######
...........#
......)g...#
.....!.@...#
.....#).)<.#
... #..(..#
# #######


You could see a gnoll sergeant (very poisoned).

Vanquished Creatures
  Maggie (D:6)
  A wyvern (D:5)
  2 orc warriors (D:6)
  3 ice beasts
  4 black bears
  2 ogres
  A centaur (D:4)
  A phantom (D:5)
  3 scorpions
  3 wights (D:6)
  A burial acolyte (Ossuary)
  A centaur zombie (Ossuary)
  A jelly (D:5)
  2 hounds (D:4)
  A human zombie (Ossuary)
  3 orc priests (D:6)
  A gnoll bouda (D:6)
  2 iguanas (D:6)
  Natasha (thrice) (D:4)
  2 mummies (Ossuary)
  7 gnolls
  10 adders
  2 shadow imps
  3 dart slugs
  4 ribbon worms
  22 orcs
  3 endoplasms
  6 goblins
  8 hobgoblins
  7 kobolds
  7 quokkas
  11 ball pythons
  3 bats
  2 frilled lizards (D:1)
  2 gnoll zombies (Ossuary)
  4 rats
139 creatures vanquished.

Vanquished Creatures (collateral kills)
  A weeping skull (Ossuary)
  A wight (D:6)
  A human zombie (Ossuary)
3 creatures vanquished.

Grand Total: 142 creatures vanquished

Notes
Turn   | Place    | Note
-------+----------+-------------------------------------------
     0 | D:1      | ezpacito the Coglin Chaos Knight began the quest for the
                  | Orb.
     0 | D:1      | Reached XP level 1. HP: 18/18 MP: 1/1
   114 | D:1      | Reached skill level 1 in Dodging
   117 | D:1      | Reached XP level 2. HP: 24/24 MP: 2/2
   433 | D:1      | Reached XP level 3. HP: 29/29 MP: 3/3
   803 | D:1      | XOM: silly message
  1100 | D:2      | Reached XP level 4. HP: 35/35 MP: 4/4
  1153 | D:2      | XOM: noise
  1453 | D:3      | Reached skill level 1 in Polearms
  1517 | D:3      | Noticed a black bear
  1523 | D:3      | Killed a black bear
  1524 | D:3      | Reached XP level 5. HP: 28/42 MP: 4/6
  1647 | D:3      | XOM: silly message
  1686 | D:3      | Identified the +0 pair of boots "Ceyfeniz" {^Drain Will+
                  | Stlth+}
  1705 | D:3      | XOM: cloud trail
  1708 | D:3      | XOM: silly message
  2066 | D:3      | XOM: silly message
  2222 | D:3      | Learned a level 5 spell: Irradiate
  2271 | D:4      | XOM: divination: magic mapping
  2294 | D:4      | Reached skill level 1 in Stealth
  2294 | D:4      | Reached skill level 1 in Spellcasting
  2312 | D:4      | Noticed Natasha
  2321 | D:4      | Killed Natasha
  2322 | D:4      | Reached XP level 6. HP: 41/48 MP: 7/7
  2342 | D:4      | Found a white marble altar of Elyvilon.
  2369 | D:4      | Found a sand-covered staircase.
  2403 | D:4      | XOM: enchant monster (good)
  2592 | Ossuary  | Entered an ossuary
  2592 | Ossuary  | Found a huge runed translucent gate.
  2592 | Ossuary  | Found a huge runed translucent gate.
  2592 | Ossuary  | Found a huge runed translucent gate.
  2592 | Ossuary  | Found a huge runed translucent gate.
  2592 | Ossuary  | Found a huge runed translucent gate.
  2592 | Ossuary  | Found a huge runed translucent gate.
  2592 | Ossuary  | Found a huge runed translucent gate.
  2592 | Ossuary  | Found a huge runed translucent gate.
  2593 | Ossuary  | Found a huge runed translucent gate.
  2593 | Ossuary  | Found a huge runed translucent gate.
  2593 | Ossuary  | Found a huge runed translucent gate.
  2594 | Ossuary  | Found a huge runed translucent gate.
  2594 | Ossuary  | Found a huge runed translucent gate.
  2596 | Ossuary  | Found a huge runed translucent gate.
  2596 | Ossuary  | Found a huge runed translucent gate.
  2605 | Ossuary  | Found a huge runed translucent gate.
  2605 | Ossuary  | Found a huge runed translucent gate.
  2605 | Ossuary  | Found a huge runed translucent gate.
  2605 | Ossuary  | Found a huge runed translucent gate.
  2605 | Ossuary  | Found a huge runed translucent gate.
  2606 | Ossuary  | Found a huge runed translucent gate.
  2606 | Ossuary  | Found a huge runed translucent gate.
  2608 | Ossuary  | Found a huge runed translucent gate.
  2608 | Ossuary  | Found a huge runed translucent gate.
  2609 | Ossuary  | Found a huge runed translucent gate.
  2609 | Ossuary  | Found a huge runed translucent gate.
  2610 | Ossuary  | Found a huge runed translucent gate.
  2610 | Ossuary  | Found a huge runed translucent gate.
  2613 | Ossuary  | Found a huge runed translucent gate.
  2613 | Ossuary  | Found a huge runed translucent gate.
  2637 | Ossuary  | Found a huge runed translucent gate.
  2637 | Ossuary  | Found a huge runed translucent gate.
  2637 | Ossuary  | Found a huge runed translucent gate.
  2637 | Ossuary  | Found a huge runed translucent gate.
  2637 | Ossuary  | Found a huge runed translucent gate.
  2685 | Ossuary  | XOM: cleaving
  2686 | Ossuary  | Reached XP level 7. HP: 45/54 MP: 7/9
  2689 | Ossuary  | XOM: summons 7 friendly demons
  2692 | Ossuary  | Reached skill level 1 in Alchemy
  2697 | Ossuary  | XOM: 7-stop teleportation journey
  2920 | D:4      | XOM: silly message
  2921 | D:4      | Noticed Natasha
  2928 | D:4      | Killed Natasha
  2928 | D:4      | XOM: silly message
  3008 | D:4      | XOM: noise
  3045 | D:4      | Reached skill level 1 in Shapeshifting
  3060 | D:4      | Noticed Natasha
  3069 | D:4      | Killed Natasha
  3243 | D:4      | XOM: fog
  3244 | D:4      | XOM: noise
  3247 | D:4      | XOM: chaos upgrade
  3251 | D:4      | Reached XP level 8. HP: 37/61 MP: 10/10
  3340 | D:4      | XOM: 5-stop teleportation journey
  3617 | D:5      | Entered Level 5 of the Dungeon
  3668 | D:5      | Noticed a wyvern
  3671 | D:5      | XOM: swap monsters
  3691 | D:5      | Killed a wyvern
  3748 | D:5      | Reached skill level 1 in Throwing
  3748 | D:5      | Reached skill level 1 in Conjurations
  3967 | D:5      | XOM: 1-stop teleportation journey
  4076 | D:5      | Reached skill level 5 in Fighting
  4137 | D:5      | Reached skill level 5 in Axes
  4137 | D:5      | XOM: divination: detect creatures
  4182 | D:5      | Found an ornate altar of the Wu Jian Council.
  4317 | D:6      | XOM: silly message
  4324 | D:6      | XOM: cast spell 'Olgreb's Toxic Radiance'
  4332 | D:6      | Reached XP level 9. HP: 52/68 MP: 12/12
  4332 | D:6      | Found Oxapn's Book Boutique.
  4388 | D:6      | Reached skill level 1 in Evocations
  4393 | D:6      | XOM: divination: detect creatures
  4620 | D:6      | Found Kethu's Elemental Accessories.
  4654 | D:6      | XOM: noise
  4666 | D:6      | XOM: divination: detect creatures
  4666 | D:6      | HP: 5/102 [orc priest/divine providence (13)]
  4667 | D:6      | HP: 1/102 [orc priest/+0 trident (4)]
  4909 | D:6      | XOM: silly message
  5000 | D:6      | Found a staircase to the Ecumenical Temple.
  5021 | D:6      | XOM: 5-stop teleportation journey
  5026 | D:6      | XOM: confuse monster(s)
  5193 | D:6      | Found Ahyask's Jewellery Shop.
  5456 | D:6      | Noticed Maggie
  5460 | D:6      | Found Buskorchi's Jewellery Emporium.
  5477 | D:6      | Killed Maggie
  5685 | D:6      | Found a radiant altar of Vehumet.
  5765 | D:6      | XOM: summons 5 hostile demons
  5843 | Temple   | Entered the Ecumenical Temple
  5888 | D:7      | Gained mutation: You expend magic power (3 MP) to
                  | strengthen your wands. [potion of mutation]
  5888 | D:7      | Gained mutation: You possess an exceptional clarity of
                  | mind. [potion of mutation]
  5888 | D:7      | Gained mutation: Your muscles are strong. (Str +4, Int/Dex
                  | -1) [potion of mutation]
  6088 | D:6      | Reached skill level 1 in Necromancy
  6186 | D:6      | XOM: god gift: potion of brilliance
  6222 | D:7      | XOM: confuse monster(s)
  6387 | D:7      | Succumbed to a gnoll sergeant's poison

Illustrated notes

Levels and vault maps discovered:
D:1:      dreamdust_arrival_sigmund_warning, layout_loops_corners,
          minmay_fountain_box
D:2:      layout_rooms
D:3:      layout_loops_ring
D:4:      layout_basic, elyvilon_altar_3, enter_ossuary_2, minivault_24,
          feat_on_display, uniq_natasha
D:5:      layout_cave_pools, general_overflow_altar
D:6:      layout_loops_ring, lemuel_coloured_pillars_altar, temple_doors_e,
          serial_shops, nicolae_shop_gaudy_bauble, nicolae_square_shop,
          nicolae_shop_statue_plus, mainiacjoe_sewer_entry_somewhere_in_here_1,
          nicolae_elemental_shop, lightli_minifort, uniq_maggie
D:7:      layout_loops_cross, grunt_decor_resistance
Temple:   nicolae_temple_no_exploring_needed

Skill      XL: |  1  2  3  4  5  6  7  8  9 |
---------------+----------------------------+-----
Dodging        | 1 2 3 4 |  4.4
Armour         | 2 3 4 |  4.5
Polearms       | 1 2 3 4 |  4.1
Stealth        | 1 2 |  2.7
Spellcasting   | 1 2 |  2.5
Fighting       | 4 5 |  5.7
Axes           | 4 5 |  5.6
Alchemy        | 1 2 |  2.8
Shapeshifting  | 1 2 |  2.0
Throwing       | 1 |  1.7
Conjurations   | 1 |  1.8
Evocations     | 1 |  1.8
Necromancy     | 1 |  1.0
Ranged Weapons | |  0.2

Action                     |  1- 3 |  4- 6 |  7- 9 || total
---------------------------+-------+-------+-------++-------
  Melee: Hand axe          |    70 |    87 |   233 ||   390
         Dagger            |    65 |    32 |       ||    97
         Trident           |       |    69 |   276 ||   345
  Throw: Dart              |       |     3 |     4 ||     7
    Use: Scroll            |       |       |    14 ||    14
         Potion            |       |       |    14 ||    14
   Stab: Paralysed         |     2 |       |     2 ||     4
         Sleeping          |     3 |     1 |       ||     4
         Petrifying        |     1 |       |     5 ||     6
         Confused          |       |     1 |     4 ||     5
         Petrified         |       |     5 |       ||     5
         Held in net/web   |       |       |     1 ||     1
 Armour: Leather armour    |    40 |    74 |    74 ||   188
         Chain mail        |       |       |   173 ||   173
         Skin              |       |       |    20 ||    20
  Dodge: Dodged            |    41 |    63 |   134 ||   238

Table legend: (Time is in decaauts)
 A = Elapsed time spent in this place.
 B = Non-inter-level travel time spent in this place.
 C = Inter-level travel time spent in this place.
 D = Time resting spent in this place.
 E = Time spent auto-exploring this place.
 F = Levels seen in this place.
 G = Mean time per level.
                   A        B        C        D        E       F      G
               +--------+--------+--------+--------+--------+-----+--------+
         Total |   6442 |   6196 |    246 |    610 |   4117 |   9 |  715.8 |
       Dungeon |   6172 |   5927 |    245 |    576 |   3984 |   7 |  881.7 |
        Temple |      1 |      1 |      0 |      0 |      0 |   1 |    1.0 |
       Ossuary |    268 |    268 |      0 |     34 |    133 |   1 |  268.0 |
               +--------+--------+--------+--------+--------+-----+--------+

Top non-repeatable levels by time:
     D:6: 2054 daAuts
     D:4: 1111 daAuts
     D:1: 837 daAuts
     D:3: 814 daAuts
     D:5: 702 daAuts
     D:2: 615 daAuts
 Ossuary: 268 daAuts
     D:7: 35 daAuts
  Temple: 1 daAuts
